 Dungeon Crawl Stone Soup version 0.21-a0-104-g7b58145 (webtiles) character file.

64 kuniqs the Cutter (level 4, -6/36 HPs)
             Began as a Vine Stalker Berserker on July 6, 2017.
             Was a Believer of Trog.
             Mangled by a gnoll
             ... wielding a +0 spear
              (9 damage)
             ... on level 3 of the Dungeon.
             The game lasted 00:01:27 (1282 turns).

kuniqs the Cutter (Vine Stalker Berserker)          Turns: 1282, Time: 00:01:28

Health: -6/36      AC:  5    Str: 24    XL:     4   Next: 12%
Magic:  0/5        EV: 12    Int:  7    God:    Trog [**....]
Gold:   83         SH:  0    Dex: 15    Spells: 3/3 levels left

rFire    . . .     SeeInvis .   a - +0 short sword
rCold    . . .     Gourm    .   (no shield)
rNeg     . . .     Faith    .   k - +0 ring mail
rPois    .         Spirit   +   (no helmet)
rElec    .         Reflect  .   (no cloak)
rCorr    .         Harm     .   (no gloves)
MR       .....                  (no boots)
Stlth    ..........             (no amulet)
HPRegen  0.52/turn              (no ring)
MPRegen  0.09/turn              (no ring)

@: berserking, very quick
A: fangs 2, regeneration 1, magic shield, antimagic bite, no potion heal 3, rot
immunity
a: Berserk, Trog's Hand, Burn Spellbooks, Renounce Religion


You were on level 3 of the Dungeon.
You worshipped Trog.
Trog was pleased with you.
You were very hungry.

You visited 1 branch of the dungeon, and saw 3 of its levels.

You collected 83 gold pieces.

Inventory:

Hand Weapons
 a - a +0 short sword (weapon)
 g - a +1 dagger of speed
Armour
 k - a +0 ring mail (worn)
Scrolls
 e - 3 scrolls of identify {unknown}
 h - a scroll of immolation {unknown}
 j - a scroll of teleportation {unknown}
 l - a scroll of enchant armour {unknown}
Potions
 b - 2 potions of curing {unknown}
 f - a potion of agility {unknown}
 i - a potion of lignification {unknown}
 m - a potion of mutation {unknown}
 n - a potion of berserk rage {unknown}
Comestibles
 c - 5 chunks of flesh
 d - 4 bread rations


   Skills:
 + Level 3.2 Fighting
 + Level 3.3 Short Blades
 + Level 2.0 Armour
 + Level 2.1 Dodging


You had 3 spell levels left.
You didn't know any spells.

Dungeon Overview and Level Annotations

Branches:
Dungeon (3/15)

Altars:


Innate Abilities, Weirdness & Mutations

You have extremely sharp teeth.
Your natural rate of healing is unusually fast.
When hurt, damage is shared between your health and your magic reserves.
Your bite disrupts and absorbs the magic of your enemies.
Potions cannot restore your health.
You are immune to rotting.


Message History

The gnoll hits you from afar with a spear.
The gnoll barely misses you.
You are feeling very hungry.
You hit the gnoll. The bat hits you but does no damage.
The gnoll hits you from afar with a spear.
A giant cockroach comes into view.
You are too injured to fight recklessly!
You are too injured to fight recklessly!
You are too injured to fight recklessly!
You closely miss the gnoll. Your bite misses the gnoll.
The gnoll closely misses you. The gnoll hits you with a spear!
* * * LOW HITPOINT WARNING * * *
You closely miss the gnoll. Your bite misses the gnoll.
The bat closely misses you. The bat completely misses you.
The gnoll hits you from afar with a spear.
* * * LOW HITPOINT WARNING * * *
The gnoll hits you from afar with a spear.
* * * LOW HITPOINT WARNING * * *
The gnoll hits you with a spear!
You die...

#.## #.#####.# #.
#.# #.# .... #. #.#
#.# #.... #. #.#
#.#.!.... #. #.#
#.#.#..s# #.#
#.#....# #.# #..g..#
#.# #bgg.#
#.####.#####@..#
...............##
##.########.##.....#
#..# .##### ..... ##
##..### ..# .## ..


You could see 3 gnolls, a giant cockroach and a bat.

Vanquished Creatures
  2 adders (D:2)
  An ooze (D:1)
  A worm (D:2)
  A dart slug (D:3)
  A leopard gecko (D:1)
  3 giant cockroaches
  4 goblins
  6 hobgoblins
  2 jackals (D:2)
  5 bats
  3 frilled lizards (D:1)
  2 kobolds (D:1)
  4 rats
35 creatures vanquished.

Notes
Turn   | Place    | Note
-------+----------+-------------------------------------------
     0 | D:1      | kuniqs the Vine Stalker Berserker began the quest for the Orb.
     0 | D:1      | Reached XP level 1. HP: 11/11 MP: 2/2
    70 | D:1      | Reached XP level 2. HP: 11/16 MP: 3/3
   279 | D:1      | Reached XP level 3. HP: 12/19 MP: 4/4
  1135 | D:2      | Gained mutation: Your natural rate of healing is unusually fast. [Vine Stalker growth]
  1135 | D:2      | Reached XP level 4. HP: 24/24 MP: 5/5
  1254 | D:3      | Reached ** piety under Trog
  1282 | D:3      | Mangled by a gnoll

Vault maps used:
D:1:      matt_arrival_refuge, serial_park_tiny_1
D:3:      gammafunk_steamed_eel, first_bread

Skill      XL: |  1  2  3 |
---------------+----------+-----
Short Blades   | 3 |  3.3
Fighting       | 3 |  3.2
Armour         | 2 |  2.0
Dodging        | 2 |  2.1

Action                   |  1- 3 |  4- 6 || total
-------------------------+-------+-------++-------
Melee: Short sword       |    80 |    15 ||    95
       Bite              |    22 |     6 ||    28
Invok: Berserk           |     1 |     1 ||     2
 Stab: Sleeping          |     1 |       ||     1
  Eat: Chunk             |     2 |       ||     2
Armor: Animal skin       |    10 |       ||    10
       Ring mail         |     6 |     3 ||     9
Dodge: Dodged            |    47 |     8 ||    55
